 Dungeon Crawl Stone Soup version 0.31-a0-329-g52107efa6a (webtiles) character file.

Game seed: 6710659865649385076

50 Graywind the Grave Robber (level 3, -9/21 HPs)
             Began as an Octopode Necromancer on July 18, 2023.
             Was a High Priest of Ignis.
             Killed by divine providence
             ... invoked by an orc priest
              (13 damage)
             ... on level 3 of the Dungeon on July 19, 2023.
             The game lasted 00:09:42 (810 turns).

Graywind the Grave Robber (Octopode Necromancer)     Turns: 810, Time: 00:09:42

Health: -9/21      AC:  1    Str:  7    XL:     3   Next: 79%
Magic:  3/6        EV: 13    Int: 19    God:    Ignis [*****.]
Gold:   102        SH:  0    Dex: 12    Spells: 2/6 levels left

rFire   + . .        b - +2 dagger (distort)
rCold   . . .        (no shield)
rNeg    . . .        (helmet restricted)
rPois   .            (no amulet)
rElec   .            (no ring)
rCorr   .            (no ring)
SInv    .            (no ring)
Will    .....        (no ring)
Stlth   +++          (no ring)
HPRegen 0.23/turn    (no ring)
MPRegen 0.10/turn    (no ring)
                     (no ring)

%: no passive effects
@: no status effects
A: almost no armour, amphibious, 8 rings, camouflage 1, gelatinous body 1,
(nimble swimmer 1), tentacles
a: Renounce Religion, Fiery Armour, Foxfire Swarm, Rising Flame


You were on level 3 of the Dungeon.
You worshipped Ignis.
Ignis was extremely pleased with you.
You visited 1 branch of the dungeon, and saw 3 of its levels.

You collected 102 gold pieces.

Inventory:

Hand Weapons
 b - a +2 dagger of distortion (weapon)
Missiles
 c - 5 poisoned darts (quivered)
Armour
 d - a +0 kite shield
Scrolls
 e - a scroll of identify
Potions
 a - a potion of magic


   Skills:
 + Level 0.9 Short Blades
 + Level 2.0 Dodging
 + Level 3.1 Stealth
 + Level 2.2 Spellcasting
 + Level 4.8 Necromancy


You had 2 spell levels left.
You knew the following spells:

 Your Spells              Type           Power      Damage    Failure   Level
a - Necrotise             Necr           80%        1d8       2%          1
b - Vampiric Draining     Necr           20%        2d7       7%          3

Your spell library contained the following spells:

 Spells                   Type           Power      Damage    Failure   Level
 Blink                    Tloc           4%         N/A       26%         2
 Animate Dead             Necr           20%        N/A       22%         4
 Dazzling Flash           Conj/Hex       4%         N/A       45%         3
 Volatile Blastmotes      Fire/Tloc      4%         2d10      45%         3
 Agony                    Necr           20%        N/A       52%         5
 Manifold Assault         Tloc           2%         N/A       86%         4
 Starburst                Conj/Fire      1%         6d3       100%        6
 Maxwell's Capacitive Co  Air            1%         ∞         100%        8


Dungeon Overview and Level Annotations

Branches:
Dungeon (3/15)

Altars:
Ignis


Innate Abilities, Weirdness & Mutations

You cannot wear most types of armour.
You are amphibious.
You can wear up to eight rings at the same time.
Your skin changes colour to match your surroundings (Stealth+).
Your rubbery body absorbs attacks. (AC +1, EV +1)
((You are camouflaged when in or above water. (Stealth+)))
You have tentacles for arms and can constrict up to eight enemies at once.


Message History

f - a scroll labelled YNGUGAUSIM You now have 102 gold pieces (gained 12).
As you read the scroll labelled YNGUGAUSIM, it crumbles to dust.
It is a scroll of enchant weapon.
Your +1 dagger of distortion glows red for a moment.
There is a stone staircase leading down here.
You climb downwards.
There is a stone staircase leading up here.
Cast which spell? (? or * to list)
Aiming: Necrotise (safe; 2% risk of failure)
Press: ? - help, Shift-Dir - straight line, f - orc priest
Aim: an orc priest, wielding a +0 short sword (asleep, chance to affect: 78%)
The orc priest shouts!
The orc priest writhes in agony.
The orc shouts! x3
Casting: Necrotise (safe; 2% risk of failure)
Confirm with . or Enter, or press ? or * to list all spells.
Aiming: Necrotise (safe; 2% risk of failure)
Press: ? - help, Shift-Dir - straight line, f/p - orc priest
Aim: an orc priest, wielding a +0 short sword (lightly wounded, chance to affect: 78%)
The orc priest writhes in agony.
The orc priest looks satisfied for a moment.
You hit the orc.
Space warps horribly around the orc!
You kill the orc!
The orc priest calls down the wrath of Beogh upon you.
Beogh smites you!
Ouch! That really hurt!
* * * LOW HITPOINT WARNING * * *
Casting: Necrotise (safe; 2% risk of failure)
Confirm with . or Enter, or press ? or * to list all spells.
Aiming: Necrotise (safe; 2% risk of failure)
Press: ? - help, Shift-Dir - straight line, f/p - orc priest
Aim: an orc priest, wielding a +0 short sword (heavily wounded, chance to affect: 78%)
The rat barely resists.
The rat bites you.
* * * LOW HITPOINT WARNING * * *
Okay, then.
The orc priest invokes the aid of Beogh against you.
Beogh smites you!
Ouch! That really hurt!
You die...

### ...#
###.#.#
##.....#
#.@..#
##r#.#


oo. # #o.#. ...##. #.... .# #..## # #.. You could see an orc priest, 2 orcs and
a rat.

Vanquished Creatures
  A dart slug (D:2)
  An orc (D:3)
  An endoplasm (D:1)
  3 giant cockroaches
  2 goblins (D:1)
  6 hobgoblins
  5 jackals
  2 quokkas
  3 ball pythons
  A bat (D:1)
  2 frilled lizards (D:1)
  4 kobolds
  2 rats (D:1)
33 creatures vanquished.

Vanquished Creatures (collateral kills)
  An endoplasm (D:2)
  A goblin (D:1)
  A kobold (D:1)
  A quokka (D:2)
  A frilled lizard (D:1)
  A rat (D:2)
6 creatures vanquished.

Grand Total: 39 creatures vanquished

Notes
Turn   | Place    | Note
-------+----------+-------------------------------------------
     0 | D:1      | Graywind the Octopode Necromancer began the quest for the
                  | Orb.
     0 | D:1      | Reached XP level 1. HP: 11/11 MP: 3/3
    79 | D:1      | Reached XP level 2. HP: 8/17 MP: 5/5
   251 | D:1      | Reached XP level 3. HP: 21/21 MP: 3/6
   416 | D:1      | Learned a level 3 spell: Vampiric Draining
   651 | D:2      | Found a faded altar of an unknown god.
   671 | D:2      | Prayed at the altar of an unknown god.
   671 | D:2      | Became a worshipper of Ignis, the Dying Flame
   707 | D:2      | Upgraded the game from 0.31-a0-325-g067879e3d3 to
                  | 0.31-a0-329-g52107efa6a
   810 | D:3      | Killed from afar by an orc priest

Illustrated notes

Levels and vault maps discovered:
D:1:      lightli_arrival_windingriver, layout_basic, serial_shops, shop,
          minmay_tall_x
D:2:      layout_rooms, nicolae_ecumenical_oubliette, roderic_roman_lattice
D:3:      layout_basic, nicolae_uskayaw_dance_hall, nemelex_spade_bored_becter

Skill      XL: |  1  2  3 |
---------------+----------+-----
Stealth        | 3 |  3.1
Short Blades   | |  0.9
Dodging        | |  2.0
Spellcasting   | |  2.2
Necromancy     | |  4.8

Action                     || total
---------------------------++-------
  Melee: Dagger            ||    29
         Constrict         ||     6
         Tentacles         ||     2
   Cast: Necrotise         ||    27
    Use: Scroll            ||     5
   Stab: Sleeping          ||     5
 Armour: Skin              ||     1
  Dodge: Dodged            ||    15
  Block: Kite shield       ||     1

Table legend: (Time is in decaauts)
 A = Elapsed time spent in this place.
 B = Non-inter-level travel time spent in this place.
 C = Inter-level travel time spent in this place.
 D = Time resting spent in this place.
 E = Time spent auto-exploring this place.
 F = Levels seen in this place.
 G = Mean time per level.
                   A        B        C        D        E       F      G
               +--------+--------+--------+--------+--------+-----+--------+
         Total |    808 |    808 |      0 |    100 |      0 |   3 |  269.3 |
       Dungeon |    808 |    808 |      0 |    100 |      0 |   3 |  269.3 |
               +--------+--------+--------+--------+--------+-----+--------+

Top non-repeatable levels by time:
     D:1: 539 daAuts
     D:2: 264 daAuts
     D:3: 4 daAuts
